 Dungeon Crawl Stone Soup version 0.21.1-1-g345015fe64 (webtiles) character file.

5185 Ivernyr the Frost Mage (level 10, -3/63 HPs)
             Began as a Human Ice Elementalist on Mar 31, 2018.
             Was a High Priest of Ru.
             Slain by BrokenGlass's ghost (10 damage)
             ... on level 9 of the Dungeon.
             The game lasted 00:44:59 (11712 turns).

Ivernyr the Frost Mage (Human Ice Elementalist)    Turns: 11712, Time: 00:45:00

Health: -3/63      AC: 17    Str:  9    XL:     10   Next: 90%
Magic:  12/19      EV: 14    Int: 19    God:    Ru [*****.]
Gold:   457        SH:  0    Dex: 13    Spells: 9/21 levels left

rFire    x . .     SeeInvis .   a - +4 scythe of Integrity {slice, +Inv rElec rPois rC++}
rCold    + . .     Gourm    .   (shield currently unavailable)
rNeg     + . .     Faith    .   w - +3 leather armour of Cathyur {Regen+}
rPois    +         Spirit   .   (no helmet)
rElec    +         Reflect  .   m - +2 cloak {MR+}
rCorr    .         Harm     .   (no gloves)
MR       +....                  (no boots)
Stlth    ++........             v - amulet of magic regeneration
HPRegen  0.60/turn              i - ring of positive energy
MPRegen  0.41/turn              (no ring)

@: lethally poisoned (-3 -> -4), icy armour, slow
A: inability to use devices, temperature sensitive
a: Draw Out Power, Power Leap, Apocalypse, Renounce Religion


You were on level 9 of the Dungeon.
You worshipped Ru.
Ru was extremely pleased with you.
You were very hungry.

You visited 1 branch of the dungeon, and saw 9 of its levels.

You collected 457 gold pieces.

Inventory:

Hand Weapons
 a - the +4 scythe of Integrity (weapon) {slice, +Inv rElec rPois rC++}
   (You found it on level 8 of the Dungeon)

   It inflicts extra damage upon your enemies.
   It greatly protects you from cold.
   It insulates you from electricity.
   It protects you from poison.
   It lets you turn invisible.
Armour
 m - a +2 cloak of magic resistance (worn)
 w - the +3 leather armour of Cathyur (worn) {Regen+}
   (You found it on level 6 of the Dungeon)

   It increases your rate of regeneration.
Magical Staves
 s - an uncursed staff of energy
Jewellery
 i - a ring of positive energy (left hand)
 v - an amulet of magic regeneration (around neck)
Scrolls
 g - 3 scrolls of enchant weapon {unknown}
 j - a scroll of magic mapping {unknown}
 k - a scroll of remove curse
 n - a scroll of fear
 p - 2 scrolls of teleportation
 r - a scroll of immolation
Potions
 d - 4 potions of curing {unknown}
 e - 3 potions of resistance {unknown}
 f - 3 potions of heal wounds {unknown}
 h - 4 potions of flight {unknown}
 o - 3 potions of cancellation {unknown}
 q - a potion of lignification {unknown}
 u - a potion of mutation {unknown}
 x - 2 potions of haste {unknown}
Books
 b - a book of Frost

   Spells                             Type                      Level
   a - Freeze                         Ice                          1
   b - Throw Frost                    Conjuration/Ice              2
   c - Ozocubu's Armour               Charms/Ice                   3
   d - Throw Icicle                   Conjuration/Ice              4
   e - Summon Ice Beast               Ice/Summoning                4
Comestibles
 c - 18 rations
 l - 2 chunks of flesh


   Skills:
 + Level 5.7 Armour
 - Level 5.2 Dodging
 - Level 2.0 Stealth
 - Level 6.1 Spellcasting
 + Level 4.3 Conjurations
 * Level 11.2 Ice Magic


You had 9 spell levels left.
You knew the following spells:

 Your Spells              Type           Power        Failure   Level  Hunger
a - Freeze                Ice            ####         1%          1    None
b - Ozocubu's Armour      Chrm/Ice       ####....     4%          3    ##.....
c - Throw Icicle          Conj/Ice       #####...     6%          4    ####...
d - Summon Ice Beast      Ice/Summ       ####....     14%         4    ####...


Dungeon Overview and Level Annotations

Branches:
Dungeon (9/15)             Temple (0/1) D:7
   Lair: D:8-11         Orc: D:9-12

Altars:
Ashenzari
Fedhas
Hepliaklqana
Kikubaaqudgha
Ru
Trog
Wu Jian
Xom

Shops:
D:6 *

Annotations:
D:3 BorisKarlOrff's ghost, amateur MiBe
D:6 sigi's ghost, novice DECj
D:9 BrokenGlass's ghost, novice TrFi


Innate Abilities, Weirdness & Mutations

You cannot study or use magical devices.
You are sensitive to extremes of temperature. (rF-, rC-)


Message History

You redirect BrokenGlass's ghost's attack!
BrokenGlass's ghost barely misses itself.
Your ice beast hits BrokenGlass's ghost but does no damage.
BrokenGlass's ghost hits you!
You focus your will and slow BrokenGlass's ghost in retribution!
Your ice beast hits BrokenGlass's ghost but does no damage.
You closely miss BrokenGlass's ghost.
BrokenGlass's ghost is moderately damaged.
You feel sick.
Your ice beast barely misses BrokenGlass's ghost.
BrokenGlass's ghost hits you!!
* * * LOW HITPOINT WARNING * * *
Your ice beast barely misses BrokenGlass's ghost.
BrokenGlass's ghost is no longer moving slowly.
Your ice beast hits BrokenGlass's ghost.
Your ice beast freezes BrokenGlass's ghost!
You see here a worker ant corpse.
You feel sick. BrokenGlass's ghost hits you!
You die...

##.......#......... ....).....
.###''####......... .........
..................#####........
..#'######....#####..)'........
..#......#....#....†.†#........
..#.....(+....##......#........
..#......#.....#......#........
..########.....#.WY...#........
... .........#@.....#........
... .........)......#........
###......#......#........
#......#......# #+#....#.....##
#....+.....+ #....#######
#..... #....


You could see BrokenGlass's ghost and a friendly ice beast.

Vanquished Creatures
  A two-headed ogre (D:7)
  Pikel (D:7)
  Edmund (D:6)
  An orc warrior (D:9)
  A black bear (D:7)
  An ice beast (D:6)
  4 ogres
  A centaur (D:5)
  A big kobold (D:8)
  Blork the orc (D:5)
  3 bullfrogs
  A water moccasin zombie (D:8)
  3 scorpions
  2 killer bees (D:9)
  A wight (D:5)
  3 howler monkeys
  3 crimson imps
  2 centaur zombies
  A quasit (D:9)
  4 bullfrog skeletons
  4 hounds
  2 jellies (D:2)
  Crazy Yiuf (D:7)
  An orc priest (D:6)
  2 centaur skeletons
  Jessica (D:2)
  4 iguanas
  3 orc wizards
  7 worker ants
  A killer bee zombie (D:5)
  A hound skeleton (D:8)
  8 adders
  7 gnolls
  8 oozes (D:2)
  An adder skeleton (D:5)
  An adder zombie (D:5)
  A worm (D:2)
  A dart slug (D:2)
  2 leopard geckos
  22 orcs
  2 bats (D:2)
  12 giant cockroaches
  4 hobgoblins
  8 jackals
  5 quokkas
  5 ball pythons
  7 frilled lizards
  4 goblins
  20 kobolds
  10 rats
191 creatures vanquished.

Vanquished Creatures (collateral kills)
  The ghost of tensugalgo the Cleaver, a novice NaBe of Trog (D:8)
  A two-headed ogre (D:9)
  5 killer bees
  2 howler monkeys (D:9)
  2 worker ants (D:9)
  An orc (D:9)
12 creatures vanquished.

Vanquished Creatures (others)
  A bullfrog (D:7)
  An orc wizard (D:4)
  An adder zombie (D:7)
  3 orcs (D:6)
  2 fungi (D:2)
  7 toadstools (D:2)
15 creatures vanquished.

Grand Total: 218 creatures vanquished

Notes
Turn   | Place    | Note
-------+----------+-------------------------------------------
     0 | D:1      | Ivernyr the Human Ice Elementalist began the quest for the Orb.
     0 | D:1      | Reached XP level 1. HP: 13/13 MP: 3/3
   233 | D:1      | Reached XP level 2. HP: 19/19 MP: 3/5
  1270 | D:1      | Reached XP level 3. HP: 24/24 MP: 4/6
  1491 | D:2      | Learned a level 3 spell: Ozocubu's Armour
  2073 | D:2      | Found a blossoming altar of Fedhas.
  2283 | D:2      | Reached XP level 4. HP: 29/30 MP: 3/7
  2379 | D:2      | Noticed Jessica
  2385 | D:2      | Killed Jessica
  2385 | D:2      | Reached skill level 4 in Ice Magic
  2518 | D:2      | Reached XP level 5. HP: 35/35 MP: 2/9
  2946 | D:2      | Reached XP level 6. HP: 41/41 MP: 8/10
  3166 | D:3      | Reached skill level 5 in Ice Magic
  3239 | D:3      | Found a shimmering altar of Xom.
  3252 | D:3      | Found a shimmering altar of Xom.
  3252 | D:3      | Found a shimmering altar of Xom.
  3253 | D:3      | Found a shimmering altar of Xom.
  3343 | D:3      | Noticed BorisKarlOrff's ghost (amateur MiBe)
  4339 | D:4      | Reached XP level 7. HP: 46/46 MP: 12/12
  4376 | D:4      | Found a bloodstained altar of Trog.
  4379 | D:4      | Found a shattered altar of Ashenzari.
  4382 | D:4      | Found an ornate altar of the Wu Jian Council.
  4385 | D:4      | Found a sacrificial altar of Ru.
  4389 | D:4      | Became a worshipper of Ru the Awakened
  4717 | D:4      | Reached skill level 6 in Ice Magic
  5228 | D:5      | Entered Level 5 of the Dungeon
  5876 | D:5      | Reached XP level 8. HP: 45/52 MP: 11/14
  5912 | D:5      | Found a hazy altar of Hepliaklqana.
  5956 | D:5      | Found a blossoming altar of Fedhas.
  5958 | D:5      | Found an ancient bone altar of Kikubaaqudgha.
  6177 | D:5      | Reached skill level 7 in Ice Magic
  6829 | D:5      | Gained mutation: You cannot study or use magical devices. [Ru sacrifice]
  6829 | D:5      | Reached * piety under Ru
  6829 | D:5      | Reached ** piety under Ru
  7121 | D:6      | Found Qiney's Assorted Antiques.
  7685 | D:6      | Noticed Blork the orc
  7748 | D:6      | Reached skill level 5 in Dodging
  7774 | D:5      | HP: 2/52 [something/magic dart (5)]
  8097 | D:5      | Killed Blork the orc
  8214 | D:6      | Got a scorched leather armour
  8230 | D:6      | Identified the +3 leather armour of Cathyur {Regen+} (You found it on level 6 of the Dungeon)
  8243 | D:6      | Noticed Edmund
  8261 | D:6      | Reached skill level 5 in Spellcasting
  8284 | D:6      | Killed Edmund
  8284 | D:6      | Reached skill level 1 in Armour
  8284 | D:6      | Reached skill level 8 in Ice Magic
  8284 | D:6      | Reached XP level 9. HP: 54/57 MP: 10/16
  8558 | D:6      | Noticed sigi's ghost (novice DECj)
  9531 | D:7      | Noticed Pikel
  9541 | D:7      | Killed Pikel
  9541 | D:7      | Reached skill level 9 in Ice Magic
  9621 | D:7      | Found a shimmering altar of Xom.
  9654 | D:7      | Found a staircase to the Ecumenical Temple.
  9772 | D:7      | Found a runed door.
 10181 | D:7      | Noticed Crazy Yiuf
 10187 | D:7      | Killed Crazy Yiuf
 10201 | D:7      | Learned a level 4 spell: Throw Icicle
 10280 | D:8      | Noticed a two-headed ogre
 10333 | D:7      | Killed a two-headed ogre
 10333 | D:7      | Reached skill level 10 in Ice Magic
 10333 | D:7      | Reached XP level 10. HP: 16/63 MP: 19/19
 10664 | D:8      | Got a bloodstained scythe
 10665 | D:8      | Identified the +4 scythe of Integrity {slice, +Inv rElec rPois rC++} (You found it on level 8 of the Dungeon)
 10673 | D:8      | Learned a level 4 spell: Summon Ice Beast
 10857 | D:8      | Gained mutation: You are sensitive to extremes of temperature. (rF-, rC-) [Ru sacrifice]
 10857 | D:8      | Reached *** piety under Ru
 10857 | D:8      | Reached **** piety under Ru
 10857 | D:8      | Reached ***** piety under Ru
 11061 | D:8      | Noticed tensugalgo's ghost (novice NaBe)
 11082 | D:8      | Killed tensugalgo's ghost
 11082 | D:8      | Reached skill level 5 in Armour
 11629 | D:9      | Reached skill level 11 in Ice Magic
 11687 | D:9      | Noticed a two-headed ogre
 11700 | D:9      | Killed a two-headed ogre
 11702 | D:9      | Noticed BrokenGlass's ghost (novice TrFi)
 11712 | D:9      | Slain by BrokenGlass's ghost

Skill      XL: |  1  2  3  4  5  6  7  8  9 10 |
---------------+-------------------------------+-----
Ice Magic      | 4 5 6 8 10 11 | 11.2
Dodging        | 3 4 5 |  5.2
Spellcasting   | 3 4 5 6 |  6.1
Armour         | 1 4 5 |  5.7
Conjurations   | 2 4 |  4.3
Stealth        | |  2.0

Action                   |  1- 3 |  4- 6 |  7- 9 | 10-12 || total
-------------------------+-------+-------+-------+-------++-------
Melee: Unarmed           |    15 |       |       |       ||    15
       Dagger            |    12 |    56 |   368 |    44 ||   480
       Staff             |       |       |    13 |       ||    13
       Scythe            |       |       |       |   101 ||   101
       Spear             |       |       |       |    17 ||    17
 Cast: Freeze            |    48 |    51 |    79 |     6 ||   184
       Ozocubu's Armour  |     1 |     1 |    17 |     8 ||    27
       Throw Icicle      |       |       |     1 |       ||     1
       Summon Ice Beast  |       |       |       |    12 ||    12
Invok: Sacrifice Artific |       |       |     1 |       ||     1
       Sacrifice Resista |       |       |       |     1 ||     1
  Use: Scroll            |       |       |     8 |       ||     8
 Stab: Sleeping          |       |     7 |     3 |       ||    10
       Distracted        |       |       |     1 |     2 ||     3
       Invisible         |       |       |       |     1 ||     1
  Eat: Chunk             |     1 |     7 |    12 |     4 ||    24
       Ration            |     1 |       |     2 |     1 ||     4
Armor: Robe              |    15 |    16 |    61 |       ||    92
       Leather armour    |       |       |    63 |   112 ||   175
Dodge: Dodged            |    25 |    52 |   340 |   240 ||   657
